 Dungeon Crawl Stone Soup version 0.28.0 (console) character file.

Game seed: 2835536460858172750

2233 Cab the Cleaver (level 9, 0/63 HPs)
             Began as a Demonspawn Fighter on Feb 18, 2022.
             Was a Believer of Okawaru.
             Slain by a hornet (4 damage)
             ... on level 7 of the Dungeon.
             The game lasted 00:18:33 (6737 turns).

Cab the Cleaver (Demonspawn Fighter)                Turns: 6737, Time: 00:18:34

Health: 0/63       AC: 17    Str: 20    XL:     9   Next: 14%
Magic:  9/9        EV:  5    Int: 10    God:    Okawaru [**....]
Gold:   307        SH:  8    Dex: 13    Spells: 8/8 levels left

rFire   . . .      SeeInvis +   a - +0 war axe
rCold   . . .      Faith    .   c - +0 buckler
rNeg    + . .      Spirit   .   g - +0 plate armour
rPois   .          Reflect  .   (no helmet)
rElec   .          Harm     .   (no cloak)
rCorr   .          Rampage  .   r - +0 pair of gloves
Will    .....                   (no boots)
Stlth   ..........              (no amulet)
HPRegen 0.20/turn               b - ring of see invisible
MPRegen 0.11/turn               s - ring of positive energy

@: mighty, lethally poisoned (0 -> -12), slowed, very slow
A: hooves 2, icemail 1, powered by pain 1, condensation shield
a: Renounce Religion, Heroism


You were on level 7 of the Dungeon.
You worshipped Okawaru.
Okawaru was pleased with you.
You visited 1 branch of the dungeon, and saw 7 of its levels.

You collected 307 gold pieces.

Inventory:

Hand Weapons
 a - a +0 war axe (weapon)
Armour
 c - a +0 buckler (worn)
 g - a +0 plate armour (worn)
 r - a +0 pair of gloves (worn)
Jewellery
 b - a ring of see invisible (left hand)
 s - a ring of positive energy (right hand)
 u - a ring of resist corrosion
Scrolls
 e - a scroll of brand weapon {unknown}
 h - a scroll of amnesia {unknown}
 j - a scroll of magic mapping
 k - 2 scrolls of teleportation
 n - a scroll of fog
 q - 2 scrolls of enchant armour {unknown}
 t - a scroll of fear {unknown}
Potions
 d - 4 potions of might
 f - 3 potions of flight
 l - 2 potions of curing
 m - 3 potions of haste
 o - a potion of mutation
 p - a potion of brilliance {unknown}
 v - a potion of attraction {unknown}


   Skills:
 - Level 3.0 Fighting
 * Level 10.5 Axes
 + Level 5.0 Armour
 - Level 2.6 Shields


You had 8 spell levels left.
You didn't know any spells.
Your spell library contained the following spells:

 Spells                   Type           Power      Damage    Failure   Level
 Corpse Rot               Necr/Air       0%         N/A       100%        2
 Ensorcelled Hibernation  Hex/Ice        0%         N/A       100%        2
 Passwall                 Tmut/Erth      0%         N/A       100%        2
 Poisonous Vapours        Pois/Air       0%         N/A       100%        2
 Sublimation of Blood     Necr           0%         N/A       100%        2
 Wereblood                Tmut           0%         N/A       100%        2
 Dazzling Flash           Conj/Hex       0%         N/A       100%        3
 Swiftness                Air            0%         N/A       100%        3
 Iskenderun's Mystic Bla  Conj/Tloc      0%         2d3       100%        4
 Leda's Liquefaction      Hex/Erth       0%         N/A       100%        4
 Fireball                 Conj/Fire      0%         3d3       100%        5
 Lee's Rapid Deconstruct  Erth           0%         3d5*      100%        5
 Starburst                Conj/Fire      0%         6d3       100%        6
 Statue Form              Tmut/Erth      0%         N/A       100%        6
 Ignition                 Fire           0%         3d3       100%        8
 Summon Hydra             Summ           Unusable   N/A       N/A         7

Dungeon Overview and Level Annotations

Branches:
Dungeon (7/15)             Temple (0/1) D:6

Altars:
Ashenzari
Dithmenos
Elyvilon
Okawaru
Zin

Shops:
D:6 (


Innate Abilities, Weirdness & Mutations

You have hoof-like feet.
A meltable icy envelope protects you from harm. (AC +4)
You sometimes gain a little power by taking damage.
A meltable shield of frost defends you. (SH +4)


Message History

Okay, then.
You closely miss the hornet. You kick the hornet.
The hornet is lightly wounded.
* * * LOW HITPOINT WARNING * * *
You feel extremely sick. The hornet closely misses you.
You block the hornet's attack.
Okay, then.
You feel better.
The hornet stings you but does no damage.
You block the hornet's attack. The hornet stings you.
You feel as though you will be slow longer.
You feel better.
The hornet stings you but does no damage.
You block the hornet's attack.
You slash the hornet! Your kick misses the hornet.
The hornet is heavily wounded.
The hornet stings you but does no damage.
You block the hornet's attack.
You closely miss the hornet. Your kick misses the hornet.
The hornet is moderately wounded.
The hornet stings you.
You are poisoned.
You feel as though you will be slow longer.
The hornet stings you.
You are lethally poisoned!
You feel as though you will be slow longer.
Press: ? - help, v - describe, . - travel
Here: a hornet (moderately wounded)
The floor.
Blink to where?
Press: ? - help, Dir - move target
As you read the scroll of blinking, it crumbles to dust.
* * * LOW HITPOINT WARNING * * *
You feel extremely sick.
The sky beast flickers out of sight for a moment.
Okay, then.
* * * LOW HITPOINT WARNING * * *
You feel very sick. The hornet stings you.
You die...

▒∙∙∙∙∙∙▒ ▒%▒
▒∙∙∙∙∙∙▒ ▒∙▒
▒∙∙∙∙∙∙▒ ▒∙▒
▒∙∙∙∙∙∙▒ ▒∙▒
∙∙∙∙▒▒▒▒∙▒▒▒∙▒
∙ ▒Y∙▒▒∙▒
▒▒∙▒▒∙▒ ▒∙y▒∙▒
▒▒@▒∙▒ ▒∙∙∙▒
▒▒∙∙▒ ▒∙∙▒
▒∙∙▒


∙∙∙∙ ∙∙∙∙∙▒ ∙∙∙∙∙▒ ▒∙∙∙>∙▒ You could see a hornet and a sky beast (invisible).

Vanquished Creatures
  3 water moccasins
  A sky beast (D:5)
  A black bear (D:5)
  A necrophage (D:6)
  3 ogres
  3 phantoms (D:5)
  Blork the orc (D:5)
  A bullfrog (D:7)
  A scorpion (D:4)
  3 centaur zombies
  A bullfrog zombie (D:6)
  2 jellies
  An orc priest (D:7)
  2 centaur skeletons
  2 hounds (D:5)
  Terence (D:3)
  4 iguanas
  3 orc wizards
  A hound skeleton (D:5)
  A hound zombie (D:4)
  7 adders
  A howler monkey skeleton (D:4)
  2 white imps (D:5)
  An ufetubus (D:6)
  2 worms
  A dart slug (D:1)
  12 orcs
  8 endoplasms
  4 giant cockroaches
  8 goblins
  6 hobgoblins
  4 jackals (D:3)
  A quokka (D:1)
  4 ball pythons
  4 bats
  8 kobolds
  A quokka skeleton (D:4)
  4 rats (D:2)
114 creatures vanquished.

Notes
Turn   | Place    | Note
-------+----------+-------------------------------------------
     0 | D:1      | Cab the Demonspawn Fighter began the quest for the Orb.
     0 | D:1      | Reached XP level 1. HP: 18/18 MP: 1/1
    77 | D:1      | Reached skill level 2 in Axes
   193 | D:1      | Gained mutation: A meltable shield of frost defends you.
                  | (SH +4) [demonic ancestry]
   193 | D:1      | Reached XP level 2. HP: 21/24 MP: 2/2
   517 | D:1      | Found a faded altar of an unknown god.
   636 | D:1      | Reached skill level 3 in Axes
  1076 | D:2      | Gained mutation: You sometimes gain a little power by
                  | taking damage. [demonic ancestry]
  1076 | D:2      | Reached XP level 3. HP: 29/29 MP: 3/3
  1456 | D:3      | Reached skill level 4 in Axes
  1456 | D:3      | Gained mutation: You have large cloven feet. [demonic
                  | ancestry]
  1456 | D:3      | Reached XP level 4. HP: 26/34 MP: 4/4
  1933 | D:3      | Reached skill level 5 in Axes
  1933 | D:3      | Reached XP level 5. HP: 34/41 MP: 5/5
  2028 | D:3      | Noticed Terence
  2042 | D:3      | Killed Terence
  2658 | D:4      | Noticed an ogre
  2667 | D:4      | Killed an ogre
  2668 | D:4      | Gained mutation: A meltable icy envelope protects you from
                  | harm. (AC +4) [demonic ancestry]
  2668 | D:4      | Reached XP level 6. HP: 20/47 MP: 6/6
  2888 | D:4      | Noticed a water moccasin
  2897 | D:4      | Killed a water moccasin
  2898 | D:4      | Reached skill level 6 in Axes
  3672 | D:4      | Reached XP level 7. HP: 42/52 MP: 7/7
  4041 | D:4      | Found an iron altar of Okawaru.
  4045 | D:4      | Became a worshipper of Warmaster Okawaru
  4063 | D:5      | Entered Level 5 of the Dungeon
  4093 | D:5      | Reached skill level 7 in Axes
  4175 | D:5      | Reached * piety under Okawaru
  4287 | D:5      | Noticed Blork the orc
  4295 | D:5      | Killed Blork the orc
  4308 | D:5      | Reached skill level 8 in Axes
  4448 | D:5      | Reached XP level 8. HP: 42/58 MP: 8/8
  5338 | D:6      | Found a staircase to the Ecumenical Temple.
  5454 | D:6      | Reached skill level 9 in Axes
  5493 | D:6      | Found a shadowy altar of Dithmenos.
  5514 | D:6      | Reached ** piety under Okawaru
  5814 | D:6      | Reached skill level 10 in Axes
  6020 | D:6      | Found Zob Qeo's Antique Weapon Boutique.
  6194 | D:7      | Found a broken altar of Ashenzari.
  6273 | D:7      | Gained mutation: You have hoof-like feet. [demonic
                  | ancestry]
  6273 | D:7      | Reached XP level 9. HP: 28/63 MP: 9/9
  6691 | D:7      | Reached skill level 5 in Armour
  6730 | D:7      | Paralysed by a hornet for 1 turns
  6737 | D:7      | Slain by a hornet

Illustrated notes

Levels and vault maps discovered:
D:1:      amcnicky_arrival_single_pillar, layout_loops_ring,
          basic_ecumenical_altar, minmay_misc_feat_diagonals
D:2:      layout_rooms, chequers_hall_statues_corner_a
D:3:      layout_rooms, minmay_starry_boxes, uniq_terence
D:4:      kennysheep_six_static_rooms, layout_cave_pods,
          nicolae_elyvilon_peaceful_grove, amethyst_overflow_temple_binary
D:5:      layout_basic, uniq_blork_the_orc
D:6:      layout_gridville, grunt_dithmenos_smoke_and_mirrors, temple_fountains,
          serial_shops, nicolae_inconvenience_store
D:7:      layout_basic, mainiacjoe_overflow_tiny_flanked, lemuel_crystal_altar

Skill      XL: |  1  2  3  4  5  6  7  8  9 |
---------------+----------------------------+-----
Axes           | 2 3 4 5 6 8 10 | 10.5
Armour         | 3 4 5 |  5.0
Fighting       | |  3.0
Shields        | |  2.6

Action                   |  1- 3 |  4- 6 |  7- 9 || total
-------------------------+-------+-------+-------++-------
Melee: War axe           |   107 |   117 |   211 ||   435
       Kick              |       |    37 |    49 ||    86
Invok: Heroism           |       |       |     1 ||     1
  Use: Scroll            |       |     9 |     3 ||    12
       Potion            |       |       |     3 ||     3
Armor: Scale mail        |    17 |       |       ||    17
       Plate armour      |    64 |    67 |   144 ||   275
Dodge: Dodged            |    27 |    17 |    36 ||    80
Block: Buckler           |    62 |    55 |    75 ||   192
